 Dungeon Crawl Stone Soup version 0.22.1-1-ga44c0e5 (webtiles) character file.

54117 Stepladder the Nimble (level 14, -10/116 HPs)
             Began as a Merfolk Gladiator on Sept 20, 2018.
             Was the Champion of Okawaru.
             Killed from afar by a fire giant (36 damage)
             ... with a bolt of fire
             ... on level 12 of the Dungeon.
             The game lasted 02:00:13 (31563 turns).

Stepladder the Nimble (Merfolk Gladiator)          Turns: 31563, Time: 02:00:13

Health: -10/116    AC: 18    Str: 21    XL:     14   Next: 71%
Magic:  19/19      EV: 26    Int: 13    God:    Okawaru [******]
Gold:   1322       SH:  8    Dex: 26    Spells: 10/20 levels left

rFire    . . .     SeeInvis +   J - +1 scimitar
rCold    . . .     Gourm    .   y - +2 buckler of Experimentation {Int+4 Dex+5 Stlth-}
rNeg     . . .     Faith    .   q - +0 scale mail
rPois    .         Spirit   .   l - +2 helmet {SInv}
rElec    .         Reflect  .   e - +2 cloak
rCorr    .         Harm     .   n - +0 pair of gloves
MR       +....                  h - +0 pair of boots {Stlth+}
Stlth    +.........             a - amulet of magic regeneration
HPRegen  0.29/turn              o - ring of Dil Qof {Str+4 Dex+5}
MPRegen  0.41/turn              K - +2 ring of evasion

@: lethally poisoned (-10 -> -11), studying Armour
A: change form in water, swift swim, stealthy swim
a: Heroism, Finesse, Renounce Religion


You were on level 12 of the Dungeon.
You worshipped Okawaru.
Okawaru was exalted by your worship.
You were not hungry.

You visited 3 branches of the dungeon, and saw 19 of its levels.
You also visited: Labyrinth and Ice Cave.

You collected 1322 gold pieces.

Inventory:

Hand Weapons
 g - a +3 dagger of venom
 J - a +1 scimitar (weapon)
Missiles
 d - 4 throwing nets
 u - 21 silver javelins
 w - 3 javelins of returning (quivered)
 V - 7 needles of sleeping
Armour
 e - a +2 cloak (worn)
 h - a +0 pair of boots of stealth (worn)
 l - a +2 helmet of see invisible (worn)
 n - a +0 pair of gloves (worn)
 q - a +0 scale mail (worn)
 y - the +2 buckler of Experimentation (worn) {Int+4 Dex+5 Stlth-}
   (You found it on level 6 of the Dungeon)

   It affects your intelligence (+4).
   It affects your dexterity (+5).
   It makes you less stealthy.
Jewellery
 a - an amulet of magic regeneration (around neck)
 o - the ring of Dil Qof (left hand) {Str+4 Dex+5}
   (You found it in an ice cave)

   [ring of strength]

   It affects your strength (+4).
   It affects your dexterity (+5).
 s - the macabre finger necklace {rN+}
   (You took it off a minotaur in a labyrinth)

   [amulet of nothing]

   It protects you from negative energy.
 C - an uncursed ring of protection from magic
 K - a +2 ring of evasion (right hand)
 R - an uncursed ring of poison resistance
 X - an uncursed ring of ice
Wands
 x - a wand of digging (23)
 G - a wand of scattershot (3)
 N - a wand of paralysis (15)
 W - a wand of iceblast (9)
Scrolls
 b - a scroll of fog
 i - 2 scrolls of identify
 j - 2 scrolls of magic mapping
 k - 14 scrolls of remove curse
 m - 8 scrolls of teleportation
 r - 2 scrolls of enchant armour
Potions
 c - a potion of heal wounds
 p - 4 potions of curing
 v - a potion of cancellation {unknown}
 z - 2 potions of agility
 D - a potion of haste
 E - 2 potions of lignification
 L - a potion of brilliance
 M - a potion of might {unknown}
Books
 A - a manual of Armour
Miscellaneous
 U - a phial of floods
Comestibles
 f - 20 rations
 t - 2 chunks of flesh


   Skills:
 + Level 12.5 Fighting
 + Level 12.7 Long Blades
 - Level 2.0 Throwing
 + Level 10.5 Armour
 + Level 14.8 Dodging
 - Level 2.0 Stealth
 - Level 4.0 Shields
 - Level 3.5 Spellcasting
 - Level 3.0 Summonings
 + Level 5.0 Necromancy
 - Level 3.4 Translocations
 - Level 5.5 Invocations


You had 10 spell levels left.
You knew the following spells:

 Your Spells              Type           Power        Failure   Level  Hunger
a - Apportation           Tloc           ##....       12%         1    #......
b - Animate Skeleton      Necr           N/A          6%          1    #......
c - Summon Butterflies    Summ           ##......     14%         1    #......
d - Regeneration          Chrm/Necr      #.........   47%         3    ###....
e - Animate Dead          Necr           N/A          54%         4    #####..

Your spell library contained the following spells:

 Spells                   Type           Power        Failure   Level  Hunger
 Pain                     Necr           ###.         6%          1    #......
 Summon Small Mammal      Summ           ##..         14%         1    #......
 Vampiric Draining        Necr           ###.......   19%         3    ###....
 Gell's Gravitas          Tloc           ##........   36%         3    ###....
 Call Canine Familiar     Summ           ##......     38%         3    ###....
 Confusing Touch          Hex            #.....       45%         1    #......
 Flame Tongue             Conj/Fire      #....        45%         1    #......
 Throw Flame              Conj/Fire      #.....       58%         2    ##.....
 Confuse                  Hex            #.......     83%         3    ###....
 Conjure Flame            Conj/Fire      #.......     83%         3    ###....
 Inner Flame              Hex/Fire       #.......     83%         3    ###....
 Summon Ice Beast         Ice/Summ       #.......     95%         4    #####..
 Petrify                  Tmut/Erth      #.......     99%         4    #####..
 Sticky Flame             Conj/Fire      #.......     99%         4    #####..
 Fireball                 Conj/Fire      #.........   100%        5    ######.
 Metabolic Englaciation   Hex/Ice        #.........   100%        5    ######.
 Summon Mana Viper        Hex/Summ       #.......     100%        5    ######.
 Yara's Violent Unravell  Hex/Tmut       #.........   100%        5    ######.
 Summon Hydra             Summ           ##........   100%        7    #######


Dungeon Overview and Level Annotations

Branches:
Dungeon (12/15)            Temple (1/1) D:4            Lair (6/6) D:10
  Swamp (0/4) Lair:3       Spider (0/4) Lair:4          Orc (0/2) D:10
  Slime: Lair:5-6

Altars:
Ashenzari
Cheibriados
Dithmenos
Elyvilon
Fedhas
Gozag
Hepliaklqana
Kikubaaqudgha
Makhleb
Nemelex Xobeh
Okawaru
Qazlal
Ru
Sif Muna
Trog
Uskayaw
Vehumet
Wu Jian
Xom
Yredelemnul
Zin
The Shining One
Beogh

Shops:
D:10 (   D:12 (

Annotations:
D:7 1 runed door, skk's ghost, novice NaEE
Lair:4 Nergalle
Lair:5 3 runed doors, Uwypaar's ghost, journeyman GrFi


Message History

You see here a hydra corpse.
You feel sick.
The fire giant points at you and mumbles some strange words.
The bolt of fire misses you.
Your magical contamination has completely faded away.
You feel sick.
You feel sick.
You feel sick.
The fire giant points at you and mumbles some strange words.
The bolt of fire misses you.
You feel sick.
You feel sick.
You feel sick.
You feel sick.
You feel sick.
You feel sick.
You feel sick. The fire giant casts a spell at you. The bolt of fire hits you!
You die...

.......#.###..# ###
#... ))Z....#......#
..# ####
'###...#......######.#
...##########........#
...# #.........Z..#
##.# #.....######.#
##.# #.....#..((..##
...#
#.....#)#######.######
...#
#######.@....##...C†.#
#### ######C#######.#
..# #..............#
..# ################
..# ###+ ..# #... ..#
#... ### #... #...


You could see a fire giant (invisible).

Vanquished Creatures
  2 minotaurs
  Josephine (Lair:4)
  The ghost of Jaiteiro the Cleaver, a journeyman DDFi of Makhleb (Lair:2)
  Harold (D:8)
  6 hydras
  A centaur warrior (D:12)
  3 two-headed ogres
  A death yak (Lair:2)
  2 unseen horrors (D:11)
  A wolf spider (Lair:6)
  4 ugly things
  A cyclops (D:12)
  A manticore (Lair:5)
  Maurice (D:9)
  3 elephants (Lair:3)
  2 ice statues (IceCv)
  2 black mambas
  A gargoyle (D:12)
  10 spiny frogs
  7 rime drakes
  8 komodo dragons
  2 kobold demonologists (D:11)
  5 trolls
  A hornet (D:9)
  2 bog bodies (Lair:3)
  11 blink frogs
  4 dream sheep (Lair:4)
  17 hippogriffs
  A spriggan (D:9)
  4 wraiths (Lair:4)
  14 wyverns
  26 yaks
  A vampire mosquito (D:12)
  10 basilisks
  2 hungry ghosts (D:12)
  Grum (D:8)
  Menkaure (D:4)
  2 swamp worms (Lair:3)
  10 water moccasins
  7 porcupines
  4 orc warriors
  7 ice beasts
  A phantom (D:9)
  3 black bears
  2 sky beasts (D:12)
  2 necrophages
  9 ogres
  37 wolves
  10 centaurs
  9 crocodiles
  4 big kobolds
  12 bullfrogs
  A wyvern zombie (D:8)
  An elf skeleton (D:7)
  5 scorpions
  5 killer bees (D:7)
  14 wights
  3 electric eels
  7 crimson imps
  4 human zombies (D:7)
  2 bullfrog skeletons
  17 orc wizards
  9 orc priests
  A centaur skeleton (D:6)
  9 hounds
  A gnoll shaman (D:7)
  3 iguanas
  A human skeleton (D:7)
  5 worker ants
  A hound zombie (D:8)
  2 hound skeletons
  3 mummies (D:7)
  A howler monkey zombie (D:9)
  5 worker ant zombies
  19 gnolls
  12 adders
  An ooze (D:5)
  An adder skeleton (D:8)
  3 worms
  2 dart slugs
  5 leopard geckos
  64 orcs
  7 bats
  4 giant cockroaches
  8 goblins
  11 hobgoblins
  2 jackals (D:7)
  10 kobolds
  4 quokkas
  2 ball pythons
  5 frilled lizards (D:1)
  A jackal zombie (D:7)
  A leopard gecko skeleton (D:6)
  An orc zombie (D:7)
  A quokka skeleton (D:6)
  A quokka zombie (D:7)
  10 rats
  A plant (Lair:4)
556 creatures vanquished.

Vanquished Creatures (collateral kills)
  A hydra (Lair:3)
  A centaur skeleton (D:12)
  A spiny frog (Lair:5)
  A yaktaur (D:12)
  2 yaks (D:12)
  A wraith (Lair:4)
  A basilisk (Lair:5)
  A water moccasin (Lair:4)
  2 porcupines
  An ogre (D:12)
  A bullfrog (Lair:4)
  An orc wizard (D:10)
  An adder (D:12)
  2 kobolds (D:12)
  2 plants
19 creatures vanquished.

Vanquished Creatures (others)
  A centaur (D:11)
  An orc (D:7)
  A bush (Lair:5)
  28 fungi
  23 plants
54 creatures vanquished.

Grand Total: 629 creatures vanquished

Notes
Turn   | Place    | Note
-------+----------+-------------------------------------------
     0 | D:1      | Stepladder the Merfolk Gladiator began the quest for the
                  | Orb.
     0 | D:1      | Reached XP level 1. HP: 16/16 MP: 1/1
   224 | D:1      | Reached XP level 2. HP: 20/23 MP: 2/2
   282 | D:1      | Reached skill level 1 in Stealth
   526 | D:1      | Reached XP level 3. HP: 15/28 MP: 3/3
  1418 | D:2      | Reached XP level 4. HP: 34/34 MP: 4/4
  1419 | D:2      | Found a burning altar of Makhleb.
  1494 | D:2      | Noticed a blizzard demon
  1497 | D:2      | Noticed a hellwing
  1497 | D:2      | Noticed an orange demon
  2201 | D:3      | Reached skill level 5 in Dodging
  2283 | D:3      | Reached XP level 5. HP: 39/41 MP: 5/5
  2464 | D:3      | Found an opulent altar of Gozag.
  2572 | D:3      | Reached skill level 1 in Shields
  2992 | D:3      | Reached skill level 1 in Armour
  2992 | D:3      | Reached XP level 6. HP: 13/48 MP: 6/6
  3342 | D:4      | Found a shattered altar of Ashenzari.
  3428 | D:4      | Noticed Menkaure
  3480 | D:4      | HP: 2/48 [Menkaure/nerve-wracking pain (7)]
  3483 | D:4      | Killed Menkaure
  4441 | D:3      | Reached XP level 7. HP: 39/54 MP: 7/7
  4689 | D:4      | Reached skill level 6 in Dodging
  4711 | D:4      | Found a snail-covered altar of Cheibriados.
  4850 | D:4      | Found a staircase to the Ecumenical Temple.
  4880 | Temple   | Entered the Ecumenical Temple
  5149 | Temple   | Became a worshipper of Warmaster Okawaru
  5280 | D:4      | Reached skill level 5 in Long Blades
  5640 | D:4      | Learned a level 1 spell: Apportation
  5642 | D:4      | Learned a level 1 spell: Animate Skeleton
  5786 | D:5      | Entered Level 5 of the Dungeon
  5933 | D:5      | Found a stormy altar of Qazlal.
  6199 | D:5      | Reached * piety under Okawaru
  6224 | D:5      | Reached XP level 8. HP: 59/61 MP: 8/8
  6283 | D:5      | Reached skill level 5 in Fighting
  6740 | D:5      | Reached skill level 7 in Dodging
  7297 | D:6      | HP: 2/63 [ogre/giant spiked club (21)]
  7799 | D:6      | Found a sparkling altar of Nemelex Xobeh.
  8157 | D:6      | Reached skill level 1 in Invocations
  8381 | D:6      | Reached ** piety under Okawaru
  8538 | D:6      | Got a heavily runed buckler
  8741 | D:6      | Identified the +2 buckler of Experimentation {Int+4 Dex+5
                  | Stlth-} (You found it on level 6 of the Dungeon)
  8983 | D:7      | Noticed skk's ghost (novice NaEE)
  8984 | D:7      | Found a runed door.
  9142 | D:7      | Reached XP level 9. HP: 46/69 MP: 8/10
  9255 | D:7      | Reached skill level 8 in Dodging
 10761 | D:7      | Reached skill level 1 in Necromancy
 10778 | D:7      | Found a basalt altar of Yredelemnul.
 10841 | D:7      | Reached *** piety under Okawaru
 11039 | D:7      | Reached skill level 9 in Dodging
 11394 | D:8      | Reached XP level 10. HP: 43/79 MP: 12/12
 11756 | D:8      | Noticed a two-headed ogre
 11776 | D:8      | Noticed Grum
 11779 | D:8      | Killed a two-headed ogre
 11803 | D:8      | Reached **** piety under Okawaru
 11818 | D:8      | Killed Grum
 12103 | D:8      | Found a roughly hewn altar of Beogh.
 12192 | D:8      | Noticed a two-headed ogre
 12207 | D:8      | Reached skill level 10 in Dodging
 12611 | D:8      | Found a glowing golden altar of the Shining One.
 12611 | D:8      | Found an ornate altar of the Wu Jian Council.
 12670 | D:8      | Reached skill level 5 in Armour
 12670 | D:8      | Reached skill level 1 in Translocations
 12831 | D:8      | Noticed Harold
 12834 | D:8      | Found a deep blue altar of Sif Muna.
 12865 | D:8      | Killed Harold
 13228 | D:9      | Reached XP level 11. HP: 82/87 MP: 10/13
 13263 | D:9      | Found a glowing silver altar of Zin.
 13331 | D:9      | Noticed Maurice
 13397 | D:9      | Killed Maurice
 13514 | D:9      | Found a sacrificial altar of Ru.
 13557 | D:9      | Found a stormy altar of Qazlal.
 14056 | D:10     | Entered Level 10 of the Dungeon
 14164 | D:10     | Reached ***** piety under Okawaru
 14251 | D:10     | Found Jiudig's Antique Weapon Shop.
 14513 | D:10     | Found a staircase to the Lair.
 14792 | D:9      | Reached skill level 11 in Dodging
 15175 | D:10     | Found a staircase to the Orcish Mines.
 15519 | Lair:1   | Entered Level 1 of the Lair of Beasts
 17047 | Lair:2   | Noticed a minotaur
 17047 | Lair:2   | Noticed a death yak
 17047 | Lair:2   | Noticed Jaiteiro's ghost (journeyman DDFi)
 17064 | Lair:2   | Noticed a four-headed hydra
 17110 | Lair:2   | Killed a four-headed hydra
 17110 | Lair:2   | Reached XP level 12. HP: 90/97 MP: 13/15
 17116 | Lair:2   | Found a runed gate.
 17116 | Lair:2   | Found a runed gate.
 17116 | Lair:2   | Found a runed gate.
 17220 | Lair:2   | Killed Jaiteiro's ghost
 17220 | Lair:2   | Reached skill level 10 in Long Blades
 17472 | Lair:2   | Killed a death yak
 17472 | Lair:2   | Received a gift from Okawaru
 17773 | Lair:2   | Killed a minotaur
 17773 | Lair:2   | Reached skill level 10 in Fighting
 17773 | Lair:2   | Reached skill level 12 in Dodging
 18119 | Lair:2   | Learned a level 1 spell: Summon Butterflies
 18433 | Lair:3   | Found a labyrinth entrance.
 18443 | Lab      | Entered a labyrinth
 18801 | Lab      | Reached skill level 5 in Invocations
 18899 | Lab      | Noticed a minotaur
 18921 | Lab      | Killed a minotaur
 19238 | Lab      | Got a clouded bone ring
 19957 | Lair:2   | Reached skill level 1 in Summonings
 20667 | Lair:3   | Got a jet-encrusted chain mail
 20686 | Lair:3   | Found an ancient bone altar of Kikubaaqudgha.
 21212 | Lair:3   | Noticed a five-headed hydra
 21223 | Lair:3   | Killed a five-headed hydra
 21223 | Lair:3   | Received a gift from Okawaru
 21223 | Lair:3   | Reached XP level 13. HP: 45/105 MP: 17/17
 21625 | Lair:3   | Found a staircase to the Swamp.
 22027 | Lair:4   | Received a gift from Okawaru
 22027 | Lair:4   | Reached skill level 13 in Dodging
 22162 | Lair:4   | Reached skill level 1 in Spellcasting
 22659 | Lair:4   | Found a hole to the Spider Nest.
 23453 | Lair:4   | Noticed Josephine
 23468 | Lair:4   | Killed Josephine
 23468 | Lair:4   | Received a gift from Okawaru
 23828 | Lair:4   | Reached ****** piety under Okawaru
 23940 | Lair:4   | Identified the ring "Igeiwin" {*Tele rPois rN+ Int+2 SInv}
                  | (You found it in a labyrinth)
 24199 | Lair:4   | Noticed Nergalle
 24550 | Lair:4   | Received a gift from Okawaru
 25663 | Lair:5   | Received a gift from Okawaru
 25689 | Lair:5   | Identified the +8 chain mail of Wisdom {*Contam rN+ Int+4
                  | Slay+4} (You found it on level 3 of the Lair of Beasts)
 26180 | Lair:5   | Found a runed gate.
 26180 | Lair:5   | Found a runed gate.
 26180 | Lair:5   | Found a runed gate.
 26180 | Lair:5   | Noticed Uwypaar's ghost (journeyman GrFi)
 26660 | Lair:5   | Reached skill level 14 in Dodging
 27153 | Lair:5   | Reached XP level 14. HP: 50/114 MP: 19/19
 27718 | Lair:6   | Entered Level 6 of the Lair of Beasts
 29328 | D:11     | Found a glowing silver altar of Zin.
 29426 | D:11     | Reached skill level 10 in Armour
 30162 | D:12     | Found a frozen archway.
 30177 | IceCv    | Entered an ice cave
 30407 | IceCv    | Found a transporter.
 30432 | IceCv    | Found a transporter.
 30698 | IceCv    | Got a sparkling brass ring
 30706 | IceCv    | Identified the ring of Dil Qof {Str+4 Dex+5} (You found it
                  | in an ice cave)
 30917 | D:12     | Learned a level 3 spell: Regeneration
 30928 | D:12     | Learned a level 4 spell: Animate Dead
 31218 | D:12     | Received a gift from Okawaru
 31342 | D:12     | Found Qiohyk's Antique Weapon Shoppe.
 31537 | D:12     | Reached skill level 5 in Necromancy
 31539 | D:12     | Noticed a fire giant
 31563 | D:12     | Killed from afar by a fire giant

Skill      XL: |  1  2  3  4  5  6  7  8  9 10 11 12 13 14 |
---------------+-------------------------------------------+-----
Stealth        | 1 2 |  2.0
Fighting       | 3 4 5 7 8 9 10 11 12 | 12.5
Long Blades    | 4 5 6 7 8 9 11 12 | 12.7
Dodging        | 5 6 7 9 10 11 12 14 | 14.8
Shields        | 1 2 3 4 |  4.0
Armour         | 1 2 3 4 5 6 7 9 10 | 10.5
Invocations    | 1 3 4 5 |  5.5
Necromancy     | 1 3 5 |  5.0
Translocations | 2 3 |  3.4
Summonings     | 2 3 |  3.0
Spellcasting   | 3 |  3.5
Throwing       | |  2.0

Action                   |  1- 3 |  4- 6 |  7- 9 | 10-12 | 13-15 || total
-------------------------+-------+-------+-------+-------+-------++-------
Melee: Long sword        |    45 |   170 |   653 |   102 |       ||   970
       Dagger            |    36 |       |    55 |    26 |    72 ||   189
       Scimitar          |       |       |       |   978 |  1031 ||  2009
       Tailslap          |       |       |       |     1 |    26 ||    27
Throw: Tomahawk          |     2 |     6 |     2 |    15 |    32 ||    57
       Javelin           |       |       |       |       |     1 ||     1
 Cast: Animate Skeleton  |       |       |       |    19 |    40 ||    59
Invok: Heroism           |       |       |     3 |    18 |    16 ||    37
       Finesse           |       |       |       |     3 |     1 ||     4
Evoke: Wand              |       |       |       |     1 |     2 ||     3
  Use: Potion            |     1 |     2 |       |     4 |     1 ||     8
       Scroll            |       |     6 |     3 |     4 |    18 ||    31
 Stab: Sleeping          |     2 |     1 |       |       |       ||     3
       Distracted        |       |       |       |     2 |     8 ||    10
  Eat: Chunk             |     2 |     9 |    24 |    17 |    23 ||    75
       Ration            |       |       |       |     5 |     4 ||     9
Armor: Leather armour    |    20 |     8 |       |       |       ||    28
       Scale mail        |       |    76 |   213 |   233 |   256 ||   778
       Skin              |       |       |       |    14 |       ||    14
Dodge: Dodged            |    60 |   100 |   407 |   813 |  1054 ||  2434
Block: Buckler           |       |    28 |   235 |   450 |   492 ||  1205
       Rpst.: Long sword |    11 |    35 |   116 |    16 |       ||   178
       Scimitar          |       |       |       |   192 |   259 ||   451
